 Dungeon Crawl Stone Soup version 0.30-a0-385-gfebfb9b408 (webtiles) character file.

Game seed: 16168757561514706410

189 PyroL the Grave Robber (level 5, -1/57 HPs)
             Began as a Demonspawn Necromancer on Dec 3, 2022.
             Succumbed to a scorpion's poison
             ... on level 4 of the Dungeon.
             The game lasted 00:06:13 (3121 turns).

PyroL the Grave Robber (Demonspawn Necromancer)     Turns: 3121, Time: 00:06:13

Health: -1/57      AC: 22    Str:  9    XL:     5   Next: 40%
Magic:  0/9        EV: -1    Int: 18    God:
Gold:   89         SH:  0    Dex: 13    Spells: 2/10 levels left

rFire   . . .      SeeInvis .    e - +1 dagger
rCold   . . .      Faith    .    (no shield)
rNeg    . . .      Spirit   .    (body armour currently unavailable)
rPois   +          Reflect  .    (helmet currently unavailable)
rElec   .          Harm     .    (cloak currently unavailable)
rCorr   .          Rampage  .    (gloves currently unavailable)
Will    +....      NoTele   +    (boots currently unavailable)
Stlth   ++........               (no amulet)
HPRegen 0.29/turn                p - ring of willpower
MPRegen 0.11/turn                (no ring)

@: lethally poisoned (-1 -> -7), tree-form, animating dead (expiring),
constricted
A: stationary, stasis, torment immunity, boosted hp, repulsion field 1, powered
by death 1
a: no special abilities


You were on level 4 of the Dungeon.
You were a tree.
You visited 1 branch of the dungeon, and saw 4 of its levels.

You collected 89 gold pieces.

Inventory:

Hand Weapons
 e - a +1 dagger (weapon)
Missiles
 h - 7 poisoned darts
Armour
 a - a +0 robe (melded)
 f - a +0 cloak (melded)
 l - a +0 helmet (melded)
 m - a +0 pair of gloves (melded)
Jewellery
 p - a ring of willpower (left branch)
Scrolls
 c - a scroll of brand weapon {unknown}
 g - a scroll of noise {unknown}
 i - a scroll of identify
 n - a scroll of poison {unknown}
 q - a scroll of enchant armour {unknown}
 r - 2 scrolls of fear
 s - a scroll of blinking {unknown}
 u - 3 scrolls of silence {unknown}
Potions
 b - a potion of magic
 d - a potion of mutation
 j - a potion of curing {unknown}
 k - a potion of brilliance {unknown}
 o - 2 potions of lignification
 t - 2 potions of flight {unknown}


   Skills:
 + Level 1.8 Fighting
 - Level 1.7 Dodging
 - Level 1.7 Stealth
 - Level 3.1 Spellcasting
 * Level 6.3 Necromancy


You had 2 spell levels left.
You knew the following spells:

 Your Spells              Type           Power      Damage    Failure   Level
a - Necrotise             Necr           100%       1d9       1%          1
b - Vampiric Draining     Necr           25%        2d7       3%          3
c - Animate Dead          Necr           25%        N/A       12%         4

Your spell library contained the following spells:

 Spells                   Type           Power      Damage    Failure   Level
 Agony                    Necr           25%        N/A       32%         5
 Stone Arrow              Conj/Erth      4%         3d7       43%         3
 Animate Armour           Summ/Erth      4%         N/A       85%         4
 Lehudib's Crystal Spear  Conj/Erth      1%         10d2      100%        8


Dungeon Overview and Level Annotations

Branches:
Dungeon (4/15)
 Temple: D:4-7

Altars:
Makhleb
Trog

Annotations:
D:4 Menkaure


Innate Abilities, Weirdness & Mutations

You are a tree.
Your roots penetrate the ground, keeping you stationary.
You cannot be teleported.
You are immune to unholy pain and torment.
Your maximum health is greatly increased.
Your equipment is partially melded.
You are surrounded by a mild repulsion field. (EV +2)
You regenerate a little health from kills.


Message History

It was a potion of lignification.
You turn into a tree.
Your +0 cloak melds into your body.
Your +0 helmet melds into your body.
Your +0 pair of gloves melds into your body.
Your +0 robe melds into your body.
Your roots penetrate the ground.
* * * LOW HITPOINT WARNING * * *
You feel very sick.
The scorpion stings you but does no damage.
The adder bites your goblin skeleton.
The ball python bites you but does no damage.
The ball python constricts you.
Your goblin skeleton hits the adder but does no damage.
You completely miss the adder.
The adder is severely wounded.
* * * LOW HITPOINT WARNING * * *
You feel very sick.
The scorpion stings you but does no damage.
The adder bites you but does no damage.
The ball python bites you but does no damage.
The ball python constricts you.
The scorpion stings you but does no damage.
You hit the adder.
The adder is severely wounded.
Your reaping aura is weakening.
* * * LOW HITPOINT WARNING * * *
You feel sick. The adder bites you.
* * * LOW HITPOINT WARNING * * *
Your goblin skeleton barely misses the adder.
The ball python bites you but does no damage.
The ball python constricts you.
* * * LOW HITPOINT WARNING * * *
The scorpion stings you but does no damage.
Menkaure blazes with dark energy!
The adder bites you but does no damage.
Casting: Necrotise (safe; 1% risk of failure)
Confirm with . or Enter, or press ? or * to list all spells.
Aiming: Necrotise (safe; 1% risk of failure)
Press: ? - help, Shift-Dir - straight line, f - adder
Aim: an adder (severely wounded, ally target, chance to affect: 88%)
The adder barely resists.
You die...

###.....#....##........##.......
#...###.....#......# ##.....#.
......# #....##.....##.##.....#
#......# #...............#.##..#
#....... #........^........ ...
.<......................#.. #...
.#.##...................#.. ..#
..........s.......#...
.##....$..S♣..##### #
.........Z†S..# ...............#
.##............# #..).....#.M..
#........##..w. #.......## #...
......... ...


You could see Menkaure, a scorpion, an adder (ally target), a dart slug, a ball
python and a friendly goblin skeleton.

Vanquished Creatures
  A hound (D:4)
  Crazy Yiuf (D:3)
  6 adders
  A worm (D:2)
  2 dart slugs
  An orc (D:4)
  4 bats
  5 endoplasms
  3 giant cockroaches
  4 goblins
  6 hobgoblins
  6 jackals
  4 quokkas
  10 ball pythons
  3 frilled lizards
  5 kobolds
  3 rats
65 creatures vanquished.

Vanquished Creatures (collateral kills)
  An endoplasm (D:4)
  A ball python (D:1)
  A goblin (D:2)
  A rat (D:2)
4 creatures vanquished.

Grand Total: 69 creatures vanquished

Notes
Turn   | Place    | Note
-------+----------+-------------------------------------------
     0 | D:1      | PyroL the Demonspawn Necromancer began the quest for the
                  | Orb.
     0 | D:1      | Reached XP level 1. HP: 13/13 MP: 3/3
   207 | D:1      | Gained mutation: You regenerate a little health from kills.
                  | [demonic ancestry]
   207 | D:1      | Reached XP level 2. HP: 19/19 MP: 3/5
  1356 | D:2      | Reached skill level 5 in Necromancy
  1356 | D:2      | Reached XP level 3. HP: 24/24 MP: 2/7
  1360 | D:2      | Learned a level 3 spell: Vampiric Draining
  1779 | D:2      | Reached XP level 4. HP: 30/30 MP: 6/8
  1784 | D:2      | Learned a level 4 spell: Animate Dead
  2393 | D:3      | Found a burning altar of Makhleb.
  2537 | D:3      | Reached skill level 1 in Fighting
  2577 | D:3      | Found a bloodstained altar of Trog.
  2732 | D:3      | Found a runed translucent door.
  2733 | D:3      | Noticed Crazy Yiuf
  2887 | D:3      | Killed Crazy Yiuf
  2888 | D:3      | Reached skill level 6 in Necromancy
  2888 | D:3      | Gained mutation: You are surrounded by a mild repulsion
                  | field. (EV +2) [demonic ancestry]
  2888 | D:3      | Reached XP level 5. HP: 24/37 MP: 7/9
  2967 | D:4      | Noticed Menkaure
  3120 | D:4      | HP: 2/57 [adder (1)]
  3121 | D:4      | Succumbed to a scorpion's poison

Illustrated notes

Levels and vault maps discovered:
D:1:      reono_arrival_forest_river, layout_loops_corners
D:2:      layout_loops_cross, feat_on_display
D:3:      layout_rooms, nicolae_overflow_hidden_temple,
          mainiacjoe_overflow_alcove_1, mrwooster_statue_mirror,
          uniq_crazy_yiuf_cottage
D:4:      layout_cave_pools, nicolae_wu_jian_immortal_techniques,
          fedhas_altar_4, serial_shops, nicolae_shop_crystal,
          chequers_mini_garden, hangedman_minor_gate_pass, uniq_menkaure

Skill      XL: |  1  2  3  4 |
---------------+-------------+-----
Necromancy     | 5 6 |  6.3
Spellcasting   | 3 |  3.1
Fighting       | 1 |  1.8
Dodging        | |  1.7
Stealth        | |  1.7

Action                   |  1- 3 |  4- 6 || total
-------------------------+-------+-------++-------
Melee: Unarmed           |    21 |       ||    21
       Dagger            |    29 |    51 ||    80
       Punch             |     1 |       ||     1
 Cast: Necrotise         |    60 |    43 ||   103
       Vampiric Draining |       |     2 ||     2
       Animate Dead      |       |     1 ||     1
  Use: Scroll            |     4 |     2 ||     6
       Potion            |     1 |     3 ||     4
 Stab: Distracted        |     1 |     1 ||     2
Armor: Robe              |    14 |    12 ||    26
       Skin              |       |     9 ||     9
Dodge: Dodged            |    46 |    67 ||   113

Table legend: (Time is in decaauts)
 A = Elapsed time spent in this place.
 B = Non-inter-level travel time spent in this place.
 C = Inter-level travel time spent in this place.
 D = Time resting spent in this place.
 E = Time spent auto-exploring this place.
 F = Levels seen in this place.
 G = Mean time per level.
                   A        B        C        D        E       F      G
               +--------+--------+--------+--------+--------+-----+--------+
         Total |   3122 |   3018 |    104 |     50 |   2423 |   4 |  780.5 |
       Dungeon |   3122 |   3018 |    104 |     50 |   2423 |   4 |  780.5 |
               +--------+--------+--------+--------+--------+-----+--------+

Top non-repeatable levels by time:
     D:1: 1310 daAuts
     D:2: 871 daAuts
     D:3: 791 daAuts
     D:4: 148 daAuts
